 Dungeon Crawl Stone Soup version 0.30.0-30-g96aa6591b8 (webtiles) character file.

Game seed: 12209453538243453472

6626 booth the Destroyer (level 10, -6/62 HPs)
             Began as a Yellow Draconian Conjurer on June 30, 2023.
             Was a Believer of Hepliaklqana.
             Mangled by Urug
             ... wielding a +4 great mace
              (9 damage)
             ... on level 11 of the Dungeon.
             The game lasted 01:33:08 (13908 turns).

booth the Destroyer (Yellow Draconian Conjurer)    Turns: 13908, Time: 01:33:08

Health: -6/62      AC: 15    Str: 11    XL:     10   Next: 72%
Magic:  15/20      EV: 14    Int: 17    God:    Hepliaklqana [**....]
Gold:   870        SH:  0    Dex: 10    Spells: 5/22 levels left

rFire   + . .        o - +1 dagger of Compassion {venom, +Blink rPois rN+}
rCold   + . .        (no shield)
rNeg    + . .        (body armour unavailable)
rPois   +            (helmet restricted)
rElec   .            u - +2 cloak
rCorr   +            A - +1 pair of gloves
SInv    .            r - +2 pair of boots
Will    .....        (no amulet)
Stlth   +++          y - ring of protection from fire
HPRegen 0.30/turn    h - ring of protection from cold
MPRegen 0.17/turn

%: no passive effects
@: flying, very slightly contaminated, invisible
A: reduced essence, spit acid, AC +7, unfitting armour, cold-blooded, acid
resistance, big wings, dopey 1, poison resistance, weak 1
a: Breathe Acid, Renounce Religion, Evoke Blink, Recall Ancestor, Ancestor
Identity


You were on level 11 of the Dungeon.
You worshipped Hepliaklqana.
Hepliaklqana was pleased with you.
You visited 2 branches of the dungeon, and saw 12 of its levels.
You also visited: Ossuary.

You collected 870 gold pieces.

Inventory:

Hand Weapons
 b - a +0 hand axe
 o - the +1 dagger of Compassion (weapon) {venom, +Blink rPois rN+}
   (You found it on level 5 of the Dungeon)

   rPois:     It protects you from poison.
   rN:        It protects you from negative energy.
   +Blink:    It lets you blink.
Missiles
 e - 51 poisoned darts (quivered)
 l - 3 javelins
 m - 3 throwing nets
 n - 9 boomerangs
Armour
 r - a +2 pair of boots (worn)
 u - a +2 cloak (worn)
 A - a +1 pair of gloves (worn)
Jewellery
 h - a ring of protection from cold (right hand)
 y - a ring of protection from fire (left hand)
 F - a +6 ring of intelligence
Wands
 q - a wand of quicksilver (8)
 t - a wand of polymorph (5)
 D - a wand of mindburst (6)
 E - a wand of flame (15)
Scrolls
 g - a scroll of blinking
 k - 2 scrolls of fog
 s - 4 scrolls of identify
 x - a scroll of enchant weapon
 z - a scroll of brand weapon
Potions
 a - a potion of magic
 c - a potion of attraction
 d - 3 potions of curing
 f - 2 potions of brilliance
 j - 4 potions of might
 p - 2 potions of lignification
 v - 2 potions of berserk rage
 w - a potion of resistance
 B - 2 potions of cancellation
 C - 2 potions of haste


   Skills:
 + Level 0.1 Throwing
 + Level 6.8 Dodging
 + Level 7.4 Stealth
 + Level 6.9 Spellcasting
 + Level 8.3 Conjurations
 + Level 7.1 Hexes


You had 5 spell levels left.
You knew the following spells:

 Your Spells              Type           Power      Damage    Failure   Level
a - Magic Dart            Conj           100%       1d8       1%          1
b - Searing Ray           Conj           68%        2d6       1%          2
c - Dazzling Flash        Conj/Hex       64%        N/A       1%          3
d - Fulminant Prism       Conj/Hex       16%        3d10      4%          4
e - Ignite Poison         Fire/Tmut/Pois 5%         N/A       34%         3
f - Mephitic Cloud        Conj/Pois/Air  15%        N/A       11%         3
g - Shock                 Conj/Air       80%        1d8       1%          1

Your spell library contained the following spells:

 Spells                   Type           Power      Damage    Failure   Level
 Call Imp                 Summ           10%        N/A       19%         2
 Sublimation of Blood     Necr           5%         N/A       19%         2
 Wereblood                Tmut           5%         N/A       19%         2
 Iskenderun's Mystic Bla  Conj/Tloc      20%        2d6       21%         4
 Sticky Flame             Conj/Fire      20%        2d4       21%         4
 Swiftness                Air            5%         N/A       34%         3
 Airstrike                Air            2%         2d(1-17)  75%         4
 Summon Hydra             Summ           2%         N/A       100%        7
 Ignition                 Fire           2%         3d3       100%        8


Dungeon Overview and Level Annotations

Branches:
Dungeon (11/15)            Temple (1/1) D:7            Lair (0/5) D:10
    Orc (0/2) D:9         Ossuary (visited)

Altars:
Ashenzari
Cheibriados
Dithmenos
Elyvilon
Fedhas
Gozag
Hepliaklqana
Kikubaaqudgha
Makhleb
Nemelex Xobeh
Okawaru
Qazlal
Ru
Sif Muna
Trog
Uskayaw
Vehumet
Wu Jian
Xom
Yredelemnul
Zin
The Shining One

Shops:
D:6 *

Annotations:
D:9 3 runed translucent doors, javelincjr's ghost, journeyman DjSu
D:11 Urug


Innate Abilities, Weirdness & Mutations

Your life essence is reduced to manifest your ancestor. (-10% HP)
You can spit globs of acid.
Your golden yellow scales are hard. (AC +7)
You cannot fit into any form of body armour.
You are cold-blooded and may be slowed by cold attacks.
You are resistant to acid. (rCorr)
Your large and strong wings let you fly.
You are dopey. (Int -2)
Your system is resistant to poisons. (rPois)
You are weak. (Str -2)


Message History

Aim: Urug, wielding a +4 great mace, wearing a +0 scale mail and quivering javelins (lightly wounded, fast, ally target, 76% to hit)
You miscast Searing Ray.
You are very lightly contaminated with residual magic.
Nothing appears to happen.
Urug throws a javelin.
The javelin pierces through you!
Citamina barely misses Urug.
Casting: Searing Ray (safe; 1% risk of failure)
Confirm with . or Enter, or press ? or * to list all spells.
Aiming: Searing Ray (safe; 1% risk of failure)
Press: ? - help, Shift-Dir - straight line, f/p - Urug
Aim: Urug, wielding a +4 great mace, wearing a +0 scale mail and quivering javelins (lightly wounded, fast, ally target, 76% to hit)
The searing ray hits Urug!
Urug is moderately wounded.
Citamina avoids your attack. (Press . to maintain the ray.) Urug throws a javelin.
The javelin closely misses you.
Citamina hits Urug with a +0 flail!
The orc priest hits Citamina but does no damage.
Casting: Searing Ray (safe; 1% risk of failure)
Confirm with . or Enter, or press ? or * to list all spells.
Restarting spell: Searing Ray (safe; 1% risk of failure)
Press: ? - help, Shift-Dir - straight line, f/p - Urug
Aim: Urug, wielding a +4 great mace, wearing a +0 scale mail and quivering javelins (moderately wounded, fast, ally target, 76% to hit)
The searing ray hits Urug.
Urug is heavily wounded.
Citamina avoids your attack. (Press . to maintain the ray.)
The orc wizard mumbles some strange words.
The orc wizard flickers and vanishes!
Deactivating autopickup; reactivate with Ctrl-A.
The orc priest hits Citamina with a +0 trident.
You hit Urug but do no damage.
Urug is poisoned.
You punch Urug, but do no damage.
Urug is heavily wounded.
Urug hits you with a +4 great mace. Urug hits you with a +4 great mace!!
* * * LOW HITPOINT WARNING * * *
You feel better. Urug hits you with a +4 great mace.
* * * LOW HITPOINT WARNING * * *
You fade into invisibility!
Urug hits you with a +4 great mace!
You die...

#############################
.............................
......####..#..............#
! ####..# #..#...#####...#..#
.o ............#...# #...o..#
... ...#+######.#...#
#......# .... ...# #.#...#
#......#..... ##.#
+.....#####{o.......... # .#
#####.@oR..o########### .
#......># . #.......# #
#..###..# #### #### # . .


You could see the friendly Citamina the knight, Urug (fast, unable to see you,
very poisoned, ally target), an orc priest (unable to see you) and an orc
(unable to see you).

Vanquished Creatures
  An ugly thing (D:10)
  A gargoyle (D:10)
  A hornet (D:8)
  A wraith (D:8)
  A wyvern (D:6)
  5 yaks (D:8)
  2 steam dragons
  2 acid dragons
  A water moccasin (D:9)
  2 orc warriors
  An ice beast (D:5)
  2 black bears
  3 centaurs
  An ogre (D:6)
  4 phantoms
  A kobold brigand (D:6)
  2 elf zombies (Ossuary)
  4 bullfrogs
  A gnoll sergeant (D:8)
  A scorpion (D:5)
  A troll zombie (D:9)
  10 killer bees
  2 howler monkeys
  2 hounds
  An iron imp (D:5)
  2 jellies
  A gnoll bouda (D:6)
  2 human zombies (Ossuary)
  4 orc priests
  3 iguanas (D:5)
  2 sleepcaps (D:5)
  4 orc wizards
  3 ogre zombies (D:9)
  2 mummies (Ossuary)
  6 adders
  21 gnolls
  A shadow imp (D:6)
  A white imp (D:7)
  2 ufetubi (D:5)
  2 worms
  4 dart slugs
  18 orcs
  5 endoplasms
  2 giant cockroaches (D:1)
  10 goblins
  6 hobgoblins
  4 jackals
  19 kobolds
  5 quokkas
  5 ball pythons
  10 bats
  4 frilled lizards
  3 gnoll zombies (Ossuary)
  A goblin skeleton (D:9)
  7 goblin zombies
  3 hobgoblin skeletons (D:9)
  2 hobgoblin zombies (Ossuary)
  An orc skeleton (D:9)
  7 orc zombies
  2 rats (D:2)
  2 rat zombies (D:6)
229 creatures vanquished.

Vanquished Creatures (collateral kills)
  A deep elf pyromancer (D:10)
  An orc warrior (D:10)
  A centaur (D:10)
  A kobold brigand (D:10)
  A wight (D:9)
  3 howler monkeys (D:9)
  Terence (D:3)
  An orc wizard (D:9)
  2 ogre zombies (D:9)
  A kobold (D:10)
  A goblin zombie (D:9)
  2 orc zombies (D:9)
16 creatures vanquished.

Vanquished Creatures (others)
  2 ancestors
  A goblin zombie (D:9)
  An orc zombie (D:9)
  7 fulminant prisms
11 creatures vanquished.

Grand Total: 256 creatures vanquished

Notes
Turn   | Place    | Note
-------+----------+-------------------------------------------
     0 | D:1      | booth the Draconian Conjurer began the quest for the Orb.
     0 | D:1      | Reached XP level 1. HP: 14/14 MP: 3/3
    61 | D:1      | Reached XP level 2. HP: 3/20 MP: 0/5
    65 | D:1      | Learned a level 2 spell: Searing Ray
   831 | D:2      | Reached XP level 3. HP: 26/26 MP: 4/6
  1961 | D:3      | Reached XP level 4. HP: 33/33 MP: 0/7
  1965 | D:3      | Learned a level 3 spell: Dazzling Flash
  2233 | D:3      | Found a glowing golden altar of the Shining One.
  2515 | D:3      | Found a faded altar of an unknown god.
  2603 | D:3      | Reached skill level 1 in Hexes
  2788 | D:3      | Noticed Terence
  2797 | D:3      | Killed Terence
  2969 | D:4      | Reached XP level 5. HP: 36/38 MP: 2/9
  3120 | D:4      | Found a shimmering altar of Xom.
  3595 | D:4      | Reached XP level 6. HP: 43/45 MP: 5/10
  3760 | D:4      | Learned a level 4 spell: Fulminant Prism
  3979 | D:4      | Found a hide-covered altar of Uskayaw.
  4069 | D:5      | Entered Level 5 of the Dungeon
  4082 | D:5      | Reached skill level 5 in Conjurations
  4222 | D:5      | Noticed an ice beast
  4354 | D:5      | Identified the +1 dagger of Compassion {venom, +Blink rPois
                  | rN+}
  4405 | D:5      | Found an ornate altar of the Wu Jian Council.
  4488 | D:5      | Found an ancient bone altar of Kikubaaqudgha.
  4683 | D:5      | Your scales start taking on a golden yellow colour.
  4683 | D:5      | Reached XP level 7. HP: 47/50 MP: 12/12
  4683 | D:5      | Gained mutation: You are resistant to acid. (rCorr) [Yellow
                  | Draconian growth]
  5226 | D:5      | Found a white marble altar of Elyvilon.
  5570 | D:5      | Found a snail-covered altar of Cheibriados.
  5847 | D:6      | Found a sand-covered staircase.
  5881 | Ossuary  | Entered an ossuary
  6024 | Ossuary  | Reached XP level 8. HP: 55/57 MP: 0/14
  7050 | D:6      | Learned a level 3 spell: Ignite Poison
  7054 | D:6      | Learned a level 3 spell: Mephitic Cloud
  7096 | D:6      | You fall into a shaft and drop 3 floors!
  7102 | D:8      | Found a blossoming altar of Fedhas.
  7106 | D:8      | Reached skill level 6 in Conjurations
  7346 | D:6      | Found Riraom's Mass Market.
  7418 | D:6      | Reached skill level 5 in Hexes
  7664 | D:6      | Reached skill level 5 in Stealth
  7808 | D:6      | Gained mutation: Your large and strong wings let you fly.
                  | [potion of mutation]
  7808 | D:6      | Gained mutation: You are weak. (Str -2) [potion of
                  | mutation]
  7808 | D:6      | Gained mutation: You are dopey. (Int -2) [potion of
                  | mutation]
  7808 | D:6      | Gained mutation: Your system is resistant to poisons.
                  | (rPois) [potion of mutation]
  7907 | D:6      | Reached skill level 5 in Spellcasting
  7920 | D:6      | Reached XP level 9. HP: 6/62 MP: 13/16
  8238 | D:7      | Found a staircase to the Ecumenical Temple.
  8249 | Temple   | Entered the Ecumenical Temple
  8297 | Temple   | Became a worshipper of Hepliaklqana the Forgotten
  8800 | D:7      | Reached skill level 5 in Dodging
  9293 | D:8      | Learned a level 1 spell: Shock
  9757 | D:8      | Reached skill level 7 in Conjurations
 10385 | D:8      | HP: 1/62 [orc/+2 trident of protection (8)]
 10715 | D:9      | Identified the +1 ring mail of Efofouf {Harm rElec Int-4}
 10724 | D:9      | Reached * piety under Hepliaklqana
 10774 | D:9      | Reached XP level 10. HP: 41/62 MP: 8/19
 11336 | D:9      | Found a runed translucent gate.
 11370 | D:9      | Found a runed translucent gate.
 11370 | D:9      | Found a runed translucent gate.
 11425 | D:9      | Noticed javelincjr's ghost (journeyman DjSu)
 11877 | D:9      | Found a staircase to the Orcish Mines.
 12066 | D:10     | Entered Level 10 of the Dungeon
 12324 | D:10     | Noticed a gargoyle
 12365 | D:10     | HP: 3/62 [gargoyle/+0 flail (7)]
 12368 | D:10     | Killed a gargoyle
 12548 | D:10     | Reached skill level 8 in Conjurations
 12721 | D:10     | Found a staircase to the Lair.
 12736 | D:10     | Reached ** piety under Hepliaklqana
 12747 | D:10     | Remembered your ancestor Citamina as a knight
 12764 | D:10     | Found Sioshod's Book Boutique.
 12911 | D:10     | Found an iron altar of Okawaru.
 12911 | D:10     | Noticed a manticore
 13018 | D:10     | Found a bloodstained altar of Trog.
 13040 | D:10     | Noticed a green ugly thing
 13060 | D:10     | Killed a green ugly thing
 13247 | D:10     | Noticed a deep elf pyromancer
 13282 | D:10     | Killed a deep elf pyromancer
 13773 | D:11     | Found a radiant altar of Vehumet.
 13782 | D:11     | Noticed a two-headed ogre
 13866 | D:11     | Noticed Urug
 13906 | D:11     | HP: 3/62 [Urug/+4 great mace (24)]
 13908 | D:11     | Mangled by Urug

Illustrated notes

Levels and vault maps discovered:
D:1:      minmay_arrival_open_corners, layout_rooms, grunt_decor_clamped
D:2:      layout_loops_cross
D:3:      layout_rooms, tso_altar, chequers_ecumenical_altar_lobes, uniq_terence
D:4:      layout_basic, mainiacjoe_overflow_brackets, nicolae_uskayaw_dance_hall
D:5:      layout_loops_ring, mainiacjoe_overflow_catwalk, marbit_many_paths,
          chei_slow_surprise, nicolae_elyvilon_temple_path,
          minmay_fractal_squares_diagonal_5
D:6:      layout_loops_ring, enter_ossuary_4, nicolae_benzene_ring,
          minmay_shop_mass, minmay_misc_feat_room, chequers_garden,
          chequers_serial_rivers_large_b
D:7:      layout_basic, minmay_temple_entry_enclosed_plants, enter_bailey_5
D:8:      layout_loops_cross, fedhas_altar_2
D:9:      layout_rooms, zombieorc1_lemuel, ebering_ghost_rock_garden,
          minmay_diced_spiral
D:10:     layout_stronghold, trog_three_pillars_becter, lemuel_tele_altar,
          lair_entry_dummy, serial_shops, shop
D:11:     wad_arrow_thing, layout_stronghold, vehumet_altar_wand_db, uniq_lodul,
          uniq_urug
Temple:   nicolae_temple_no_exploring_needed

Skill      XL: |  1  2  3  4  5  6  7  8  9 10 |
---------------+-------------------------------+-----
Dodging        | 2 3 4 6 |  6.8
Stealth        | 2 3 4 5 6 7 |  7.4
Hexes          | 1 2 4 5 6 7 |  7.1
Spellcasting   | 3 4 5 6 |  6.9
Conjurations   | 5 6 7 8 |  8.3
Throwing       | |  0.1

Action                     |  1- 3 |  4- 6 |  7- 9 | 10-12 || total
---------------------------+-------+-------+-------+-------++-------
  Melee: Dagger            |     6 |    56 |   296 |   110 ||   468
         Unarmed           |     3 |       |       |       ||     3
         Tailslap          |     1 |     9 |    55 |    11 ||    76
         Punch             |       |       |     4 |     2 ||     6
  Throw: Dart              |     3 |     3 |    18 |       ||    24
   Cast: Magic Dart        |    67 |    52 |    85 |    34 ||   238
         Searing Ray       |     3 |    19 |    39 |    17 ||    78
         Fulminant Prism   |       |       |     4 |     3 ||     7
         Ignite Poison     |       |       |     4 |       ||     4
         Shock             |       |       |     2 |     1 ||     3
         Mephitic Cloud    |       |       |     1 |     1 ||     2
         Dazzling Flash    |       |       |     1 |     1 ||     2
 Invoke: Ancestor Identity |       |       |     1 |       ||     1
         Ancestor Life: Kn |       |       |       |     1 ||     1
Ability: Breathe Acid      |       |       |     2 |     1 ||     3
    Use: Scroll            |     6 |    11 |     8 |     1 ||    26
         Potion            |     1 |     5 |     8 |     4 ||    18
   Stab: Sleeping          |     1 |     2 |     2 |       ||     5
         Distracted        |       |       |       |     1 ||     1
 Armour: Skin              |    14 |    38 |   182 |    63 ||   297
  Dodge: Dodged            |    19 |    57 |   329 |    99 ||   504
